[Event "Late-Titled-Tuesday-Blitz-February-27-2024"]
[Site "Chess.com"]
[Date "2024.02.27"]
[Round "9"]
[White "pfalcon1949"]
[Black "miraitrunks"]
[Result "0-1"]
[WhiteElo "1905"]
[BlackElo "2199"]
[TimeControl "180+1"]
[EndTime "15:44:15 PST"]
[Termination "miraitrunks won by resignation"]

1. e4 c5 2. Nf3 d6 3. d4 cxd4 4. Nxd4 Nf6 5. Nc3 g6 6. Be3 Bg7 7.
f3 O-O 8. Bc4 Nc6 9. Qe2 Nxd4 10. Bxd4 Be6 11. Bb3 a6 12. O-O-O Rc8 13. h4 Bxb3 14.
cxb3 Qa5 15. Kb1 Nh5 16. Bxg7 Kxg7 17. Rhe1 Rc6 18. g4 Nf4 19. Qd2 Qe5 20. h5 Rfc8 21. hxg6 hxg6 22. Qd4 b5 23. Qxe5+ dxe5 24. Rd7 R8c7 25.
Red1 Ne6 26. Rxc7 Rxc7 27. Ne2 Ng5 28. Rd3 Rc8 29. a3 Rh8 30. f4 exf4 31. Nxf4 Nxe4 32. Rd7 Rh1+ 33. Ka2 Rg1 34. Rxe7 Rxg4 35. Rxe4 f5 36. Ne6+ Kf6 37. Rxg4 fxg4 38. Nf4 Kf5 39. Ng2 g3 40. b4 Kg4 41. Kb3 Kf3 42. Nh4+ Kf2 43. a4 g5 44. axb5 axb5 45. Ng2 Kxg2 46. Kc3 Kf2 47. Kd4 g2 48. Kc5 g1=Q 49. Kxb5 Qc1 50. b3 g4 51. Ka5 g3 52. b5 g2 53. b4 g1=Q 54. Kb6 Kf3+ 55. Kb7 Qg7+ 56. Kb6 0-1

[Event "Late-Titled-Tuesday-Blitz-February-27-2024"]
[Site "Chess.com"]
[Date "2024.02.27"]
[Round "9"]
[White "dimoni64"]
[Black "CURRUTACO59"]
[Result "0-1"]
[WhiteElo "1981"]
[BlackElo "2247"]
[TimeControl "180+1"]
[EndTime "15:44:17 PST"]
[Termination "CURRUTACO59 won on time"]

1. d4 Nf6 2. c4 e6 3. Nc3 Bb4 4. e3 d6 5. Bd3 O-O 6. Nf3 b6 7. O-O Bxc3 8. bxc3 Bb7 9. Qe2 Be4 10. Nd2 Bxd3 11.
Qxd3 e5 12. e4 c5 13. Nf3 Nc6 14. Bg5 h6 15. Be3 Qe7 16. d5 Na5 17. g3 Qd7 18. Kg2 Ng4 19. Bd2 f5 20. h3 fxe4 21. Qxe4 Nf6 22. Qe2 Qa4 23. Nh4 Qxc4 24. Qxc4 Nxc4 25.
Bc1 Nxd5 26. Rd1 Nxc3 27. Rd3 Ne4 28. f4 Rad8 29. a4 d5 30. Ng6 Rfe8 31. f5 Nf6 32. g4 e4 33. Rd1 d4 34. Bf4 e3 35.
g5 Nd5 36. Kf3 Nxf4 37. Kxf4 hxg5+ 38. Kxg5 d3 39. f6 Rd5+ 40. Kf4 gxf6 41. Rg1 Kf7 0-1

[Event "Late-Titled-Tuesday-Blitz-February-27-2024"]
[Site "Chess.com"]
[Date "2024.02.27"]
[Round "9"]
[White "dropstoneDP"]
[Black "alexrustemov"]
[Result "1-0"]
[WhiteElo "2977"]
[BlackElo "2796"]
[TimeControl "180+1"]
[EndTime "15:44:19 PST"]
[Termination "dropstoneDP won by resignation"]

1. e4 e6 2. d4 d5 3. Nd2 dxe4 4.
Nxe4 Bd7 5. Nf3 Bc6 6. Bd3 Nd7 7. c3 Ngf6 8. Nxf6+ Nxf6 9. O-O Bxf3 10. Qxf3 Qd5 11.
Qh3 Qh5 12. Qxh5 Nxh5 13. f4 g6 14. g4 Ng7 15. Kg2 h5 16. h3 Bd6 17. Be3 Kd7 18. Rh1 Rh7 19. Be4 c6 20. Bf3 Rah8 21. c4 hxg4 22.
hxg4 g5 23. fxg5 Rh2+ 24. Rxh2 Rxh2+ 25. Kg1 Rxb2 26. d5 exd5 27. Bd4 Rb4 28. Bxg7 Rxc4 29.
Rf1 Bc5+ 30. Kh1 Ke6 31. Be2 Rc2 32. Bd3 Rxa2 33. Bf5+ Ke7 34. Bf6+ Kd6 35. Re1 Kc7 36. Re8 a5 37. Bd8+ Kd6 38. Be7+ Ke5 39. Bxc5+ Kf4 40. Bd6+ Kf3 41. Re7 Ra1+ 42. Kh2 Ra2+ 43. Kh3 Ra1 44. Rxf7 Rh1+ 45. Bh2 a4 46. g6 a3 47. g7 a2 48.
Bb1+ 1-0

[Event "Late-Titled-Tuesday-Blitz-February-27-2024"]
[Site "Chess.com"]
[Date "2024.02.27"]
[Round "9"]
[White "jk13"]
[Black "HajiyevKanan"]
[Result "1-0"]
[WhiteElo "2670"]
[BlackElo "2487"]
[TimeControl "180+1"]
[EndTime "15:44:19 PST"]
[Termination "jk13 won by checkmate"]

1. e4 c6 2. Nc3 d5 3. Qe2 a6 4.
Nf3 Nf6 5. d3 Bg4 6. g3 e6 7. Bg2 Bb4 8. O-O O-O 9. Bd2 c5 10.
a3 Bxc3 11. Bxc3 Nc6 12. h3 Bxf3 13. Qxf3 dxe4 14. dxe4 Nd4 15. Qd3 e5 16. a4 b5 17.
axb5 axb5 18. Rxa8 Qxa8 19. Bxd4 cxd4 20. Qxb5 Qb8 21.
Qa5 Re8 22. b4 Rc8 23. b5 Rxc2 24. Rb1 h5 25. b6 d3 26. Qa7 Qd6 27. b7 Nd7 28.
b8=Q+ Nxb8 29. Qxb8+ Qxb8 30. Rxb8+ Kh7 31. Rd8 d2 32.
Bf3 h4 33. gxh4 Kg6 34. Kg2 Kf6 35. Rd5 Ke6 36. Bg4+ Kf6 37. Kg3 g6 38. Bd1 Rb2 39. h5 gxh5 40. Bxh5 Ke6 41. Bg4+ Kf6 42. Kf3 Kg6 43. Ke3 f6 44. Rxd2 Rb3+ 45. Rd3 Rb2 46. Kf3 Rb1 47. Kg2 Re1 48. Rf3 Kg5 49. Bf5 Rc1 50. Rg3+ Kh5 51. Rg6 Rc6 52. Rg8 Rb6 53. Kg3 Rc6 54. Rg7 Rb6 55. Rh7+ Kg5 56. h4# 1-0

[Event "Late-Titled-Tuesday-Blitz-February-27-2024"]
[Site "Chess.com"]
[Date "2024.02.27"]
[Round "9"]
[White "TigrVShlyape"]
[Black "wqws"]
[Result "1-0"]
[WhiteElo "2908"]
[BlackElo "2691"]
[TimeControl "180+1"]
[EndTime "15:44:21 PST"]
[Termination "TigrVShlyape won on time"]

1. d4 Nf6 2. Bf4 d5 3. e3 c5 4. c3 Nc6 5. Nd2 e6 6. Ngf3 Bd6 7. Bg3 O-O 8. Bd3 b6 9. Qe2 Bb7 10. Rd1 Rc8 11. e4 Be7 12. e5 Nh5 13. a3 h6 14.
Nf1 cxd4 15. cxd4 f5 16. exf6 Bxf6 17. Qxe6+ Kh8 18. Qf5 Kg8 19. Qh7+ Kf7 20. Qg6+ Kg8 21. Qxh5 Nxd4 22. Ne3 Nxf3+ 23. gxf3 Bxb2 24. O-O d4 25. Nf5 Qf6 26. Be4 Rc5 27. Bxb7 Rxf5 28. Qh3 Bxa3 29. Be4 Rxf3 30. Bxf3 Qxf3 31. Qe6+ Kh8 32. Rxd4 Bc5 33. Rd7 a5 34. Qg6 Qf6 35. Qxf6 Rxf6 36. Ra7 Bb4 37. Kg2 b5 38. Be5 Rg6+ 39. Kh3 a4 40. f4 Bc5 41. Rc7 Bd6 42. Rc6 Bxe5 43. Rxg6 Bf6 44. Rb1 a3 45. Rxf6 1-0

[Event "Late-Titled-Tuesday-Blitz-February-27-2024"]
[Site "Chess.com"]
[Date "2024.02.27"]
[Round "9"]
[White "DeArron_Fox"]
[Black "GodzillaChessYoutube"]
[Result "0-1"]
[WhiteElo "2477"]
[BlackElo "2635"]
[TimeControl "180+1"]
[EndTime "15:44:21 PST"]
[Termination "GodzillaChessYoutube won by checkmate"]

1. d4 Nh6 2. Bxh6 gxh6 3. e4 d5 4. exd5 Qxd5 5. Nc3 Qd8 6. Nf3 Bf5 7. Bc4 c6 8. Qe2 e6 9. O-O-O Bg7 10. Rhg1 h5 11.
Ne5 Bg6 12. g4 hxg4 13. Rxg4 Bxe5 14. Qxe5 O-O 15. h4 Nd7 16. Qh2 Nf6 17. Rgg1 Qb8 18. f4 Kh8 19. Be2 Rg8 20. h5 Bf5 21. Qh4 Nd7 22. Kb1 Qd8 23. Qf2 Qf6 24. Bf3 Rxg1 25. Rxg1 Rg8 26. a3 h6 27. Rxg8+ Kxg8 28. Be4 Kf8 29. Bxf5 Qxf5 30. Qe3 Nf6 31. Ne2 Qxh5 32. Ng3 Qg4 33. c3 Nd5 34. Qd3 Nxf4 35. Qe3 Qg6+ 36. Ka2 Qg5 37. Ne4 Qd5+ 38. b3 Qf5 39. Nd6 Qc2+ 40.
Ka1 Nd3 41. Qxh6+ Ke7 42. Nc8+ Kd7 43. Qf8 Qb2# 0-1

[Event "Late-Titled-Tuesday-Blitz-February-27-2024"]
[Site "Chess.com"]
[Date "2024.02.27"]
[Round "9"]
[White "vugarrasulov"]
[Black "js20000"]
[Result "1-0"]
[WhiteElo "2993"]
[BlackElo "2845"]
[TimeControl "180+1"]
[EndTime "15:44:23 PST"]
[Termination "vugarrasulov won by resignation"]

1. e4 e6 2. d4 d5 3. exd5 exd5 4. Nf3 Nf6 5. Bd3 Bd6 6. Qe2+ Be6 7. Bf5 Qe7 8. Bxe6 fxe6 9. O-O O-O 10. Re1 Nc6 11. c4 Ne4 12. Nc3 Rxf3 13. Qxf3 Nxd4 14. Qh3 Nc2 15. Nxe4 dxe4 16. Be3 Qf6 17. Rad1 Nxe1 18. Rxe1 Re8 19. b3 Qc3 20. Rf1 Qb2 21. Qh5 g6 22.
Qb5 Rf8 23. Qxb7 Qxa2 24. Bxa7 Qe2 25. g3 c5 26. Qd7 Qd3 27. Qxe6+ Kg7 28. Bxc5 Bxc5 29.
Qe5+ Rf6 30. Qxc5 Qxb3 31. Qe7+ Rf7 32. Qxe4 Qc3 33. Rb1 Qf6 34. Qe3 Qc6 35. Rc1 Rf3 36.
Qe7+ Rf7 37. Qe5+ Rf6 38. c5 Kf7 39. Re1 Qd7 40. h4 Rf5 41. Qh8 Qd2 42. Qxh7+ Kf8 43.
Qe7+ Kg8 44. Qe8+ Rf8 45. Qxg6+ Kh8 46. Qh5+ Kg8 47. Qg5+ Qxg5 48. hxg5 Rf5 49. Rc1 Rf7 50. c6 Rc7 51. f4 Kg7 52. Kf2 Kh8 53. Kf3 Kg7 54.
Kg4 Kg6 55. f5+ Kf7 56. Kf4 Ke7 57. g4 Rc8 58. g6 Kf6 59. c7 Kg7 60. g5 Kg8 61. f6 Kf8 62. Kf5 Kg8 63. Rd1 1-0

[Event "Late-Titled-Tuesday-Blitz-February-27-2024"]
[Site "Chess.com"]
[Date "2024.02.27"]
[Round "9"]
[White "northridgehawk"]
[Black "picturesquecheck"]
[Result "0-1"]
[WhiteElo "2279"]
[BlackElo "2421"]
[TimeControl "180+1"]
[EndTime "15:44:26 PST"]
[Termination "picturesquecheck won by checkmate"]

1. e4 e5 2. Bc4 Nc6 3. Nc3 Bc5 4.
d3 Na5 5. Qf3 Nxc4 6. dxc4 Ne7 7.
Nge2 O-O 8. O-O d6 9. Ng3 Be6 10. b3 f5 11. exf5 Nxf5 12. Qxb7 Nd4 13. Nge4 Bb6 14. Bg5 Qe8 15. Nd5 Rb8 16. Qa6 Bxd5 17. cxd5 Nxc2 18. Rac1 Nb4 19. Qc4 Qg6 20. Be3 Nxa2 21.
Ra1 Bxe3 22. Rxa2 Bb6 23. b4 Rf4 24. Re2 Rbf8 25. Qd3 Kh8 26. Qc2 Rg4 27. Ng3 Qxc2 28. Rxc2 Rxb4 29. h3 Rd4 30. Kh2 Rxd5 31. f3 h6 32. Ne4 Rd3 33. Rfc1 a5 34. Rc6 a4 35. Nxd6 Rxd6 36. Rxd6 cxd6 37. Rc6 Bc5 38. Ra6 a3 39. Kg3 Rb8 40. Kg4 Rf8 41. g3 Kh7 42. h4 g6 43.
Rc6 Kg7 44. Rc7+ Rf7 45. Rc8 h5+ 46. Kh3 Rxf3 47. Kg2 Rf2+ 48. Kh3 a2 49. Rg8+ Kf7 50. Rf8+ Ke6 51. Re8+ Kd7 52. Rd8+ Kc6 53. Rc8+ Kb5 54. Rxc5+ Kb4 55. Rb5+ Ka3 56. Ra5+ Kb3 57. Rb5+ Ka4 58. Ra5+ Kxa5 59. g4 a1=Q 60. gxh5 Qg1 61. hxg6 Rh2# 0-1

[Event "Late-Titled-Tuesday-Blitz-February-27-2024"]
[Site "Chess.com"]
[Date "2024.02.27"]
[Round "9"]
[White "Viktor_Poddubnyi"]
[Black "delqate"]
[Result "0-1"]
[WhiteElo "2261"]
[BlackElo "2412"]
[TimeControl "180+1"]
[EndTime "15:44:27 PST"]
[Termination "delqate won on time"]

1. e4 d5 2. exd5 Qxd5 3. Nc3 Qd8 4. d4 Nf6 5. Nf3 Bg4 6. h3 Bxf3 7. Qxf3 c6 8. Bf4 e6 9. O-O-O Bb4 10. Ne4 Nxe4 11.
Qxe4 Qd5 12. Qxd5 cxd5 13. c3 Be7 14. Bd3 Nc6 15. Kb1 h5 16. g4 Kd7 17. Bc1 a6 18. f4 g6 19. f5 hxg4 20. hxg4 gxf5 21. gxf5 Rag8 22. Rde1 Rxh1 23. Rxh1 Rg3 24. Bc2 Bg5 25. fxe6+ Kxe6 26. Re1+ Kd6 27. Bxg5 Rxg5 28. Rf1 Ke6 29. Kc1 f5 30. Re1+ Kf6 31. Rf1 Ne7 32. Rf2 Rg3 33.
Kd2 Kg5 34. Re2 Ng6 35. Bb3 Nf4 36. Rf2 Rg1 37. a4 Kg4 38. a5 Kg3 39. Rxf4 Kxf4 40.
Bxd5 Kg3 41. Bxb7 f4 42. Bxa6 f3 43. d5 f2 44. b4 Rh1 45. Be2 Re1 0-1

[Event "Late-Titled-Tuesday-Blitz-February-27-2024"]
[Site "Chess.com"]
[Date "2024.02.27"]
[Round "9"]
[White "KuzubovYuriy"]
[Black "jefferyx"]
[Result "1-0"]
[WhiteElo "2975"]
[BlackElo "3073"]
[TimeControl "180+1"]
[EndTime "15:44:29 PST"]
[Termination "KuzubovYuriy won by resignation"]

1. d4 d6 2. Nf3 f5 3. g3 g6 4. c3 Bg7 5. Qb3 e6 6. Bg2 Nf6 7. Ng5 d5 8. h4 O-O 9. Bf4 c5 10. e3 Nc6 11. Nd2 h6 12. Ngf3 Ne4 13. Rd1 Qb6 14. Ne5 Nxe5 15. Bxe5 Bxe5 16. dxe5 Qxb3 17.
Nxb3 b6 18. Rh3 c4 19. Nd4 Bd7 20. Bxe4 fxe4 21. g4 Kg7 22. Ke2 b5 23. Rf1 a5 24.
f4 exf3+ 25. Rhxf3 Rxf3 26. Rxf3 Rf8 27. e4 dxe4 28.
Rxf8 Kxf8 29. Ke3 Ke7 30. g5 hxg5 31. hxg5 Kd8 32. Ne2 Be8 33. Kxe4 Kc7 34. Nf4 Bf7 35. Kd4 Kc6 36. a4 Kb6 37. axb5 Kxb5 38. Ng2 Be8 39.
Ne3 Bc6 40. Nxc4 Bf3 41. b3 Bd1 42. Na3+ Kc6 43. b4 axb4 44. cxb4 Be2 45. Nb1 Ba6 46. Nc3 Bf1 47. Na4 Kb5 48. Nc5 Bc4 49. Kc3 Bd5 50.
Nb3 Kc6 51. Nd4+ Kb6 52. Ne2 Be4 53. Kd4 Bf5 54. Nc3 Kc6 55. b5+ Kb6 56. Kc4 Bh3 57. Kb4 1-0

[Event "Late-Titled-Tuesday-Blitz-February-27-2024"]
[Site "Chess.com"]
[Date "2024.02.27"]
[Round "9"]
[White "maximnovik"]
[Black "WPWPWP-2015"]
[Result "1-0"]
[WhiteElo "2598"]
[BlackElo "2445"]
[TimeControl "180+1"]
[EndTime "15:44:29 PST"]
[Termination "maximnovik won on time"]

1. c4 e5 2. b3 Nf6 3. Bb2 Nc6 4. e3 Be7 5. Nf3 d6 6. Be2 O-O 7. O-O Bf5 8. d4 e4 9. Nfd2 Re8 10. Nc3 h6 11. a3 Bf8 12. b4 a6 13. Qc2 Bg6 14. Rfc1 Qd7 15. b5 Nb8 16. a4 Qf5 17. h3 Qg5 18. Nd5 Nxd5 19. cxd5 Re7 20. Qb3 a5 21. b6 c6 22. Bc4 Bf5 23. Kf1 Qh4 24. Ba3 Rd7 25. dxc6 Nxc6 26. Bb5 d5 27. Rxc6 bxc6 28. Bxc6 Rb8 29. Bxd7 Bxd7 30. Bxf8 Kxf8 31.
Rc1 Qe7 32. Rc5 Qd6 33. b7 Ke7 34. Rxd5 Qa6+ 35. Kg1 Rxb7 36. Qa3+ Kd8 37. Qf8+ Kc7 38. Rc5+ Bc6 39. Qe7+ Kb8 40. Qd8+ Ka7 41. Nc4 Qxc4 42. Rxc4 Rb1+ 43. Kh2 Bb7 44. Rc5 Rb6 45. Rxa5+ Ba6 46. Rc5 Bb7 47. Rc7 Rb4 48. a5 1-0

[Event "Late-Titled-Tuesday-Blitz-February-27-2024"]
[Site "Chess.com"]
[Date "2024.02.27"]
[Round "9"]
[White "Jahonas"]
[Black "Journey_to_GrandMaster_YT"]
[Result "0-1"]
[WhiteElo "2372"]
[BlackElo "2514"]
[TimeControl "180+1"]
[EndTime "15:44:30 PST"]
[Termination "Journey_to_GrandMaster_YT won on time"]

1. d4 d6 2. c4 Nf6 3. Nf3 Nbd7 4. Nc3 e5 5. dxe5 dxe5 6. a3 a5 7. Bg5 c6 8. e3 Be7 9. Qc2 O-O 10. Rd1 Qc7 11.
Be2 Nc5 12. Bh4 Re8 13. O-O e4 14. Bg3 Qb6 15. Nd4 Bf8 16. Rd2 a4 17. Rfd1 g6 18.
h3 Bg7 19. Bd6 Nfd7 20. Bg4 f5 21. Be2 Ne5 22. Bxc5 Qxc5 23. Nxa4 Qa7 24. Nc3 Rf8 25. Bf1 Bd7 26. Nde2 Be6 27. Nf4 Bf7 28. Na2 g5 29.
Ne2 Bxc4 30. Nb4 c5 31. Nd5 Bd3 32. Qc1 Rad8 33. Nec3 Kh8 34. Bxd3 Nxd3 35. Rxd3 exd3 36. Rxd3 b6 37. Qd1 Qb7 38. a4 Rd6 39. Qh5 h6 40. Qe2 Rfd8 41. e4 fxe4 42. Qxe4 Bxc3 43. bxc3 Rxd5 44. Rxd5 Qxd5 0-1

[Event "Late-Titled-Tuesday-Blitz-February-27-2024"]
[Site "Chess.com"]
[Date "2024.02.27"]
[Round "9"]
[White "Bkmzzzzz"]
[Black "dosto07"]
[Result "1-0"]
[WhiteElo "2417"]
[BlackElo "2503"]
[TimeControl "180+1"]
[EndTime "15:44:31 PST"]
[Termination "Bkmzzzzz won on time"]

1. e4 e5 2. Nf3 Nc6 3. Nc3 Nf6 4. d4 exd4 5. Nxd4 Bb4 6. Nxc6 bxc6 7. Bd3 d5 8. exd5 O-O 9. O-O cxd5 10. Bg5 c6 11. Na4 h6 12. Bh4 Bd6 13. c3 a5 14. a3 Ba6 15.
Bxa6 Rxa6 16. b4 g5 17. Bg3 Bxg3 18. hxg3 axb4 19. axb4 Ne4 20. Qd4 Qd6 21. Nc5 Rxa1 22. Rxa1 Nxc5 23. bxc5 Qe6 24. Kh2 Re8 25. Ra6 Rb8 26. Qa4 Rb1 27. Ra8+ Kg7 28. Qd4+ f6 29. Ra7+ Kf8 30. Rh7 Kg8 31. Rc7 Qe1 32. g4 Qh1+ 33.
Kg3 Qc1 34. Rxc6 Qf4+ 35. Qxf4 gxf4+ 36. Kxf4 Kf7 37. Rc7+ Ke6 38. f3 Rc1 39. Rc6+ Ke7 40. Rd6 Rxc3 41. Rxd5 Ke6 42. Rh5 Rc2 43. Kg3 Rc1 44.
Rxh6 Ke5 45. Rh5+ Ke6 46. Rf5 Rc3 47. Kf4 Ke7 48. g5 Rc2 49. gxf6+ Kf7 50. Kg3 Rc1 51. Rf4 Rc4 52. Rxc4 1-0

[Event "Late-Titled-Tuesday-Blitz-February-27-2024"]
[Site "Chess.com"]
[Date "2024.02.27"]
[Round "9"]
[White "egnfanclub"]
[Black "Felix-Rose"]
[Result "0-1"]
[WhiteElo "2380"]
[BlackElo "2276"]
[TimeControl "180+1"]
[EndTime "15:44:31 PST"]
[Termination "Felix-Rose won by resignation"]

1. e4 e5 2. Nf3 Nc6 3. d4 exd4 4. Bc4 Nf6 5. O-O Nxe4 6. Re1 d5 7. Nc3 dxc3 8. Bxd5 Be6 9. Bxe4 Bb4 10. b3 Qxd1 11.
Bxc6+ bxc6 12. Rxd1 h6 13. Nd4 Bd5 14. a3 Be7 15.
Re1 Kd7 16. Be3 Bf6 17. Rad1 Rhe8 18. b4 a6 19. Nb3 Re5 20. Nc5+ Kc8 21. Bf4 Re7 22.
Be3 a5 23. b5 Rb8 24. a4 Bc4 25.
Na6 Ra8 26. Bc5 Rxe1+ 27. Rxe1 Be6 28. f4 cxb5 29. axb5 c6 30. f5 Bd7 31. bxc6 Bxc6 32. Nb4 axb4 33. Bxb4 Kd7 34. Rd1+ Kc7 35. Rd3 Rd8 36.
Rg3 Rd1+ 37. Kf2 Rd2+ 38. Ke3 Rxc2 39. Kd3 Rb2 40. Bxc3 Rb3 41. Kc4 Rxc3+ 42. Rxc3 Bxc3 43. Kxc3 Bxg2 44. Kd4 Kd6 45. Ke3 f6 0-1

[Event "Late-Titled-Tuesday-Blitz-February-27-2024"]
[Site "Chess.com"]
[Date "2024.02.27"]
[Round "9"]
[White "Bugcrusher"]
[Black "1977Ivan"]
[Result "0-1"]
[WhiteElo "2590"]
[BlackElo "2741"]
[TimeControl "180+1"]
[EndTime "15:44:32 PST"]
[Termination "1977Ivan won by resignation"]

1. d4 Nf6 2. Bf4 d6 3. Nc3 Nbd7 4. Nf3 c5 5. d5 b5 6. Nxb5 Qa5+ 7. Nc3 Rb8 8. Rb1 Rxb2 9. Bd2 Rxb1 10. Qxb1 g6 11. e4 Bg7 12. Nb5 Qb6 13. Bd3 O-O 14. O-O c4 15. Bxc4 Nxe4 16. Be3 Ndc5 17. Nfd4 Bd7 18. f3 Nf6 19. Nc3 Qa5 20. Nce2 Rc8 21.
Nb3 Qb4 22. Nxc5 Qxc4 23. Nxd7 Nxd7 24. Ng3 Rb8 25. Qd1 Qxa2 26. Ne4 Rc8 27. Rf2 Nb6 28.
Bg5 Qxd5 29. Qxd5 Nxd5 30. Rd2 h6 31. Rxd5 hxg5 32. Rxg5 Rxc2 33. Ra5 Rc7 34. g4 Bd4+ 35. Kg2 Kg7 36. h4 Rc2+ 37. Kg3 Bb6 38. Ra4 d5 39. Ng5 Bc7+ 40. f4 Rc3+ 41. Nf3 Bb6 42. g5 e6 43. Kg4 Bf2 44. f5 exf5+ 45. Kf4 Rc4+ 46. Rxc4 dxc4 47. h5 gxh5 48. Kxf5 a5 49. Ke4 a4 50. Nd2 a3 51. Nxc4 a2 0-1

[Event "Late-Titled-Tuesday-Blitz-February-27-2024"]
[Site "Chess.com"]
[Date "2024.02.27"]
[Round "9"]
[White "cthulhuuu"]
[Black "Roberz12"]
[Result "1-0"]
[WhiteElo "2461"]
[BlackElo "2579"]
[TimeControl "180+1"]
[EndTime "15:44:33 PST"]
[Termination "cthulhuuu won on time"]

1. e4 c5 2. Nf3 g6 3. g3 Bg7 4.
Bg2 Nc6 5. O-O Nf6 6. d3 O-O 7. Re1 d6 8. e5 dxe5 9. Nxe5 Nxe5 10. Rxe5 Nd7 11. Re1 e6 12. Nd2 Rb8 13. Nc4 b5 14. Nd6 Ba6 15. a4 b4 16. h4 Qc7 17. Ne4 h5 18.
Rb1 b3 19. c3 Ne5 20. Bf4 Rfd8 21. Nxc5 Qxc5 22. d4 Qa5 23. Bxe5 Bxe5 24. Rxe5 Qxa4 25.
Ra1 Qc4 26. Qd2 Rd7 27. Bf1 Qc7 28. Rea5 Bxf1 29. Kxf1 Rb7 30. Qh6 Qc4+ 31. Kg1 Qe2 32. Rb1 Qc2 33. Qc1 Qxc1+ 34. Rxc1 Rdc7 35. Rca1 Kf8 36. Kf1 Ke7 37. Ke2 Kd6 38. Kd3 Ke7 39. R1a3 f6 40. Ra6 g5 41. c4 gxh4 42. gxh4 Rd7 43. Kc3 e5 44. d5 Rdc7 45. Re6+ Kf7 46. Raa6 1-0

[Event "Late-Titled-Tuesday-Blitz-February-27-2024"]
[Site "Chess.com"]
[Date "2024.02.27"]
[Round "9"]
[White "Njal28"]
[Black "Hrant_ChessMood"]
[Result "1/2-1/2"]
[WhiteElo "3043"]
[BlackElo "3015"]
[TimeControl "180+1"]
[EndTime "15:44:35 PST"]
[Termination "Game drawn - insufficient material"]

1. d4 d5 2. c4 e6 3. Nf3 Nf6 4.
Nc3 Be7 5. e3 O-O 6. cxd5 Nxd5 7. Bd3 c5 8. O-O Nc6 9. a3 cxd4 10. exd4 Bf6 11. Bc2 Nxc3 12. bxc3 b6 13. h4 Bb7 14. Ng5 g6 15. Qg4 Ne7 16. h5 Rc8 17. hxg6 Nxg6 18.
Be4 Bxe4 19. Nxe4 Bg7 20. Bg5 Qd5 21. Bf6 Qf5 22. Qxf5 exf5 23. Bxg7 Kxg7 24. Nd6 Rxc3 25. Nxf5+ Kf6 26. Ne3 Rd8 27. Rfd1 Nf4 28. Rd2 Rd3 29. Rxd3 Nxd3 30. d5 Nf4 31. Rd1 Ke5 32. Nc4+ Kf5 33. Ne3+ Ke4 34. d6 Ke5 35. g4 b5 36. Nf5 h5 37.
Re1+ Kf6 38. Re4 Nh3+ 39. Kg2 hxg4 40. Ne3 Ng5 41. Rb4 a6 42. Rf4+ Kg6 43. a4 Rxd6 44.
axb5 axb5 45. Rxg4 f5 46. Rb4 Rb6 47. Nd5 Rb7 48. Nc3 Ne4 49. Rxb5 Rxb5 50. Nxb5 Nxf2 51. Nd4 f4 52. Kxf2 f3 53. Kxf3 1/2-1/2

[Event "Late-Titled-Tuesday-Blitz-February-27-2024"]
[Site "Chess.com"]
[Date "2024.02.27"]
[Round "9"]
[White "nindjaxx8"]
[Black "hansen"]
[Result "0-1"]
[WhiteElo "2698"]
[BlackElo "2930"]
[TimeControl "180+1"]
[EndTime "15:44:37 PST"]
[Termination "hansen won on time"]

1. d4 Nf6 2. c4 e6 3. Nc3 Bb4 4.
Qc2 O-O 5. a3 Bxc3+ 6. Qxc3 b6 7. Bg5 Bb7 8. e3 d6 9. Ne2 Nbd7 10. Qc2 h6 11. Bh4 c5 12. Rd1 Qc7 13. Nc3 a6 14. f3 Rfe8 15. Be2 d5 16. cxd5 cxd4 17. exd4 Nxd5 18. Bf2 Rac8 19. Rc1 Nf4 20. O-O Nxe2+ 21.
Qxe2 Qd6 22. Rfd1 Nf6 23. Ne4 Bxe4 24. fxe4 Qf4 25. Rxc8 Rxc8 26. e5 Nd5 27. h3 b5 28.
Rf1 Qg5 29. Qe4 Rc1 30. Qe2 Rxf1+ 31. Kxf1 Qc1+ 32. Be1 Qb1 33. Kg1 Nf4 34. Qd2 Nd3 35. Kf1 Nxe1 36. Qxe1 Qxb2 37. Qe3 a5 38. Qd3 a4 39. Qe4 Qa1+ 40. Kf2 Qa2+ 41. Kg1 g6 42. Qa8+ Kg7 43. Qf3 Qb1+ 44. Kh2 Qf5 45. Qe2 Qf4+ 46.
Kh1 b4 47. axb4 Qxd4 48. b5 a3 49. Qf1 Qxe5 50. b6 a2 51. b7 a1=Q 0-1

[Event "Late-Titled-Tuesday-Blitz-February-27-2024"]
[Site "Chess.com"]
[Date "2024.02.27"]
[Round "9"]
[White "Godzillator"]
[Black "rdarruda"]
[Result "0-1"]
[WhiteElo "2357"]
[BlackElo "2506"]
[TimeControl "180+1"]
[EndTime "15:44:37 PST"]
[Termination "rdarruda won by checkmate"]

1. Nf3 d5 2. c3 Nf6 3. d4 c5 4. a3 e6 5. Bf4 Nc6 6. e3 Bd6 7.
Bg3 O-O 8. b4 Bxg3 9. hxg3 b6 10.
Bd3 h6 11. Nbd2 a5 12. b5 Nb8 13. a4 Nbd7 14. Rc1 Qe7 15. Bb1 Bb7 16. Qc2 Ne4 17.
Nxe4 dxe4 18. Nd2 f5 19. Qb3 Rac8 20. O-O Rc7 21. Ba2 Bd5 22. c4 Bb7 23. d5 Ne5 24. dxe6 Qxe6 25. Nb1 Rd8 26. Rcd1 Rcd7 27. Rxd7 Qxd7 28.
Qc3 Ng4 29. Qb2 Qd3 30. Nc3 Qd2 31. Qa1 Rd3 32. Nd5 Ra3 33. Qd1 Rxa2 34. Qxd2 Rxd2 35. Nxb6 Rd6 36. Nd5 Bxd5 37. cxd5 Rxd5 38. Rb1 Rd7 39. Rc1 Rc7 40. b6 Rb7 41. f3 Nxe3 42. Rxc5 Rxb6 43. Rxa5 Rb2 44. fxe4 Rxg2+ 45. Kh1 fxe4 46.
Re5 Rxg3 47. Rxe4 Nf5 48. Kh2 Ra3 49. Rb4 g6 50. Kg2 h5 51. Kh2 Kg7 52. Kg2 Kh6 53. Kh2 Kg5 54. Kg2 h4 55. Kh2 Kh5 56. Kg2 g5 57. Kh2 g4 58. Rb5 Ra2+ 59. Kg1 Kg5 60. a5 Kf4 61. Rb4+ Kf3 62. Rb3+ Ne3 63. Rb5 g3 64. Rb1 h3 65. Kh1 Ng4 66. Rf1+ Rf2 67. Ra1 g2+ 68. Kg1 h2# 0-1

[Event "Late-Titled-Tuesday-Blitz-February-27-2024"]
[Site "Chess.com"]
[Date "2024.02.27"]
[Round "9"]
[White "SergioMoralesG"]
[Black "KNVB"]
[Result "0-1"]
[WhiteElo "2515"]
[BlackElo "2806"]
[TimeControl "180+1"]
[EndTime "15:44:39 PST"]
[Termination "KNVB won on time"]

1. d4 e5 2. dxe5 Nc6 3. Nf3 Qe7 4. Qd5 f6 5. exf6 Nxf6 6. Qd1 d5 7. e3 Bf5 8. Be2 O-O-O 9. Nd4 Bd7 10. Nxc6 Bxc6 11. Qd4 Kb8 12. Nc3 g5 13. Bd2 Bg7 14. Nb5 Bxb5 15.
Bxb5 Ne4 16. Qb4 c5 17. Qa5 Bxb2 18. Rb1 b6 19. Qa6 Bc3 20. Bxc3 Nxc3 21. Rb3 d4 22. O-O Qb7 23. Qa3 g4 24. exd4 cxd4 25. Ba6 Qc7 26. Qb4 Qd6 27. Qc4 Qd5 28. Qd3 h5 29. a4 h4 30. Ra1 h3 31. Qf1 hxg2 32. Qxg2 Qxg2+ 33. Kxg2 Rd5 34. a5 Kc7 35. axb6+ axb6 36. Bc4 Rdh5 37. Ra7+ Kc6 38. Kg3 Rh3+ 39. Kxg4 Rxh2 40. Rf7 b5 41. Rf6+ Kc5 42. Bd3 R2h4+ 43. Kg3 Rh3+ 44. Kg4 R8h4+ 45.
Kg5 Rh5+ 46. Kg4 R3h4+ 47. Kg3 Nd5 48. Rg6 Nc3 49. Ra3 Rh3+ 50. Kg2 Nd5 51. Ra8 Nf4+ 52.
Kf1 Nxg6 0-1

[Event "Late-Titled-Tuesday-Blitz-February-27-2024"]
[Site "Chess.com"]
[Date "2024.02.27"]
[Round "9"]
[White "GothamChess"]
[Black "zsizsi99"]
[Result "0-1"]
[WhiteElo "2676"]
[BlackElo "2517"]
[TimeControl "180+1"]
[EndTime "15:44:40 PST"]
[Termination "zsizsi99 won on time"]

1. e4 c5 2. Nc3 Nc6 3. Bb5 Nd4 4. Nf3 a6 5. Bd3 g6 6. O-O Bg7 7. Rb1 b5 8. b4 c4 9. Be2 Bb7 10. Bb2 e6 11. Nxd4 Bxd4 12. Nxb5 Bxb2 13. Nd6+ Ke7 14. Nxb7 Qb6 15. Rxb2 Qxb7 16. Bxc4 Qxe4 17. d4 Qc6 18. Bb3 Qc3 19. Rb1 d5 20. Re1 Nf6 21. Re3 Qc7 22. Rc1 Qd6 23. a3 a5 24. b5 a4 25. Ba2 Rhd8 26. h3 Qb6 27. Rb1 Ne4 28. c4 Qa5 29. Rb4 Nd6 30. cxd5 Nxb5 31. dxe6 Nxa3 32. exf7+ Kf8 33. Rb7 Nb5 34. Rbe7 Nd6 35. Qf3 Nf5 36. Re8+ Rxe8 37. fxe8=Q+ Rxe8 38. g4 Rxe3 39. fxe3 Qe1+ 40. Kg2 Qd2+ 41. Qf2 Qxf2+ 42. Kxf2 Nd6 43.
Ke2 Ne4 44. Kd3 Nf2+ 45. Kc4 Nxh3 46. e4 Nf2 47. e5 Nxg4 48. Kd5 Ke7 49. Ke4 Nf2+ 50.
Ke3 Nd1+ 51. Kd2 Nf2 52. d5 Ng4 53. e6 h5 54. Kd3 h4 55. Ke2 Ne5 56. Ke3 g5 57. Bb1 a3 58. Ke4 Nc4 59. Kf5 h3 60. Kxg5 h2 0-1